 Dungeon Crawl Stone Soup version 0.28-a0-563-gf77a47075d (webtiles) character file.

Game seed: 8294465788774306603

143 bande the Covered (level 5, -12/33 HPs)
             Began as a Gargoyle Fighter on Sept 29, 2021.
             Killed by divine providence
             ... invoked by an orc priest
              (14 damage)
             ... on level 3 of the Dungeon.
             The game lasted 00:04:59 (2243 turns).

bande the Covered (Gargoyle Fighter)                Turns: 2243, Time: 00:04:59

Health: -12/33     AC: 14    Str: 21    XL:     5   Next: 25%
Magic:  5/5        EV:  9    Int:  8    God:
Gold:   117        SH:  0    Dex:  9    Spells: 4/4 levels left

rFire   + . .      SeeInvis .   a - +1 war axe
rCold   . . .      Faith    .   c - +1 buckler
rNeg    + . .      Spirit   .   b - +0 scale mail
rPois   ∞          Reflect  +   (no helmet)
rElec   +          Harm     .   i - +1 cloak {rCorr}
rCorr   +          Rampage  .   h - +0 pair of gloves
Will    .....                   (no boots)
Stlth   ..........              j - amulet of reflection
HPRegen 0.11/turn               (no ring)
MPRegen 0.09/turn               (no ring)

@: confused
A: sickness immunity, AC +4, negative energy resistance 1, electricity
resistance, torment resistance 1, petrification resistance, fire resistance 1
a: no special abilities


You were on level 3 of the Dungeon.
You visited 1 branch of the dungeon, and saw 3 of its levels.

You collected 117 gold pieces.

Inventory:

Hand Weapons
 a - a +1 war axe (weapon)
Armour
 b - a +0 scale mail (worn)
 c - a +1 buckler (worn)
 h - a +0 pair of gloves (worn)
 i - a +1 cloak of preservation (worn)
Jewellery
 j - an amulet of reflection (around neck)
Wands
 f - a wand of mindburst (11)
Scrolls
 g - a scroll of holy word
Potions
 d - a potion of might
 e - a potion of heal wounds {unknown}
 k - a potion of curing
 l - a potion of lignification {unknown}
 m - a potion of flight {unknown}


   Skills:
 + Level 4.0 Fighting
 + Level 3.2 Axes
 + Level 4.0 Armour
 + Level 3.9 Shields
 * Level 1.0 Evocations


You had 4 spell levels left.
You didn't know any spells.
Your spell library contained the following spells:

 Spells                   Type           Power      Damage    Failure   Level
 Magic Dart               Conj           0%         1d3       75%         1
 Call Imp                 Summ           0%         N/A       87%         2
 Mephitic Cloud           Conj/Pois/Air  0%         N/A       98%         3


Dungeon Overview and Level Annotations

Branches:
Dungeon (3/15)

Altars:

Shops:
D:2 [


Innate Abilities, Weirdness & Mutations

You are immune to sickness and miasma.
Your stone body is resilient. (AC +4)
You are immune to poison.
You resist negative energy. (rN+)
You are resistant to electric shocks. (rElec)
You are resistant to unholy torment.
You are immune to petrification.
Your flesh is heat resistant. (rF+)


Message History

The magic dart hits you but does no damage.
You completely miss something. Something hits you but does no damage.
You closely miss something.
An orc wizard appears from thin air!
Reactivating autopickup.
You block the orc wizard's attack.
The orc priest casts a cantrip, but nothing happens.
The orc wizard hits you but does no damage.
You barely miss the orc wizard.
The orc wizard is severely wounded.
The orc priest casts a cantrip, but nothing happens.
You block the orc wizard's attack.
You barely miss the orc wizard.
The orc wizard is severely wounded.
You block the orc wizard's attack.
You closely miss the orc wizard.
The orc wizard is severely wounded.
The orc wizard mumbles some strange words.
The orc wizard flickers and vanishes!
Deactivating autopickup; reactivate with Ctrl-A.
Something hits you but does no damage.
You barely miss something. Something hits you.
You miss something. Something hits you but does no damage.
The orc priest invokes the aid of Beogh against you.
Beogh smites you!
You miss something. Something hits you but does no damage.
You block something's attack.
You closely miss something. You block something's attack.
You miss something. Something hits you but does no damage.
You miss something. Something hits you but does no damage.
You hear some strange, mumbled words.
You are confused.
You're too confused to move!
The orc priest invokes the aid of Beogh against you.
Beogh smites you!
* * * LOW HITPOINT WARNING * * *
Something hits you but does no damage.
You hit something.
The orc priest mumbles some strange prayers to Beogh against you.
Beogh smites you!
You die...

#..#. ## #
#..#.##...#.#
#..#......#. #..#....
... #..#...##.#
#.........# ..#####o#
#..#..# #
.....Ko{###.....#.#
..######@....#.##.#.#
#.....#......#
#.....#..#.##..
#.....#..#...
.......#..#.###
###.##.##..#...
#.##.##..#.##
............#
.##.###....#


You could see an orc priest, an orc and a kobold.

Vanquished Creatures
  Crazy Yiuf (D:2)
  Jessica (D:2)
  An orc wizard (D:3)
  An adder (D:3)
  A dart slug (D:1)
  An orc (D:3)
  3 bats
  6 endoplasms
  3 giant cockroaches
  5 goblins
  4 hobgoblins
  6 jackals
  A quokka (D:1)
  6 ball pythons
  2 frilled lizards
  5 kobolds
  A rat (D:2)
48 creatures vanquished.

Vanquished Creatures (others)
  A bat (D:1)
1 creature vanquished.

Grand Total: 49 creatures vanquished

Notes
Turn   | Place    | Note
-------+----------+-------------------------------------------
     0 | D:1      | bande the Gargoyle Fighter began the quest for the Orb.
     0 | D:1      | Reached XP level 1. HP: 14/14 MP: 1/1
   203 | D:1      | Reached XP level 2. HP: 19/19 MP: 2/2
   483 | D:1      | Found a faded altar of an unknown god.
   527 | D:1      | Reached XP level 3. HP: 23/24 MP: 3/3
   874 | D:2      | Noticed Jessica
   880 | D:2      | Killed Jessica
  1013 | D:2      | Reached XP level 4. HP: 28/29 MP: 4/4
  1065 | D:2      | Found a runed translucent door.
  1066 | D:2      | Noticed Crazy Yiuf
  1076 | D:2      | Killed Crazy Yiuf
  1088 | D:2      | Gained mutation: Your flesh is heat resistant. (rF+)
                  | [potion of mutation]
  1621 | D:2      | Found Borecy's Armour Shoppe.
  2189 | D:3      | Reached XP level 5. HP: 33/33 MP: 5/5
  2219 | D:3      | Reached skill level 1 in Evocations
  2243 | D:3      | Killed from afar by an orc priest

Illustrated notes

Levels and vault maps discovered:
D:1:      roderic_crossed_star, layout_loops_ring,
          hellmonk_ecumenical_altar_zigzags, lemuel_old_faithful
D:2:      layout_basic, serial_shops, shop, uniq_jessica,
          uniq_crazy_yiuf_cottage
D:3:      layout_basic

Skill      XL: |  1  2  3  4  5 |
---------------+----------------+-----
Axes           | 2 3 |  3.2
Armour         | 4 |  4.0
Evocations     | 1 |  1.0
Fighting       | 4 |  4.0
Shields        | |  3.9

Action                   |  1- 3 |  4- 6 || total
-------------------------+-------+-------++-------
Melee: War axe           |    90 |    84 ||   174
  Use: Scroll            |     2 |     6 ||     8
       Potion            |       |     1 ||     1
Armor: Scale mail        |    63 |    48 ||   111
Dodge: Dodged            |    42 |    25 ||    67
Block: Buckler           |    32 |    25 ||    57

Table legend: (Time is in decaauts)
 A = Elapsed time spent in this place.
 B = Non-inter-level travel time spent in this place.
 C = Inter-level travel time spent in this place.
 D = Time resting spent in this place.
 E = Time spent auto-exploring this place.
 F = Levels seen in this place.
 G = Mean time per level.
                   A        B        C        D        E       F      G
               +--------+--------+--------+--------+--------+-----+--------+
         Total |   2298 |   2235 |     63 |    295 |   1422 |   3 |  766.0 |
       Dungeon |   2298 |   2235 |     63 |    295 |   1422 |   3 |  766.0 |
               +--------+--------+--------+--------+--------+-----+--------+

Top non-repeatable levels by time:
     D:2: 1090 daAuts
     D:1: 905 daAuts
     D:3: 302 daAuts
